 Dungeon Crawl Stone Soup version 0.19-a0-1008-g4c63d25 (webtiles) character file.

3 Implojin the Shield-Bearer (level 1, 0/19 HPs)
             Began as a Minotaur Fighter on July 21, 2016.
             Slain by a gnoll
             ... wielding a +0 whip
              (1 damage)
             ... on level 3 of the Dungeon.
             The game lasted 00:00:32 (107 turns).

Implojin the Shield-Bearer (Minotaur Fighter)        Turns: 107, Time: 00:00:33

Health: 0/19       AC:  6    Str: 20    XL:     1   Next: 41%
Magic:  0/0        EV:  7    Int:  5    God:
Gold:   0          SH:  9    Dex:  9    Spells: 0 memorised, 0 levels left

rFire  . . .     SeeInvis .       - Unarmed
rCold  . . .     Gourm    .     a - +0 scale mail
rNeg   . . .     Faith    .     b - +0 shield
rPois  .         Spirit   .     (helmet restricted)
rElec  .         Dismiss  .     (no cloak)
rCorr  .         Reflect  .     (no gloves)
SustAt .         Harm     .     (no boots)
MR     .....                    (no amulet)
Stlth  ..........               (no ring)
                                (no ring)

@: not resistant to hostile enchantments, extremely unstealthy
A: retaliatory headbutt, horns 2
a: no special abilities


You were on level 3 of the Dungeon.
You were not hungry.

You visited 1 branch of the dungeon, and saw 3 of its levels.

Inventory:

Missiles
 h - 3 javelins (quivered)
Armour
 a - a +0 scale mail (worn)
 b - a +0 shield (worn)
Scrolls
 e - a scroll of random uselessness {unknown}
 i - a scroll of magic mapping {unknown}
Potions
 c - a potion of might
 g - a potion of degeneration {unknown}
Comestibles
 d - a bread ration
 f - a royal jelly


   Skills:
 - Level 3.6 Fighting
 - Level 3.6 Armour
 - Level 3.6 Shields
 * Level 2.5 Unarmed Combat


You couldn't memorise any spells.
You didn't know any spells.

Dungeon Overview and Level Annotations

Branches:
Dungeon (3/15)

Altars:


Innate Abilities, Weirdness & Mutations

You reflexively headbutt those who attack you in melee.
You have a pair of horns on your head.


Message History

You barely miss the rat. The rat barely misses you.
You hit the rat.
You kill the rat!
You hit the gnoll.
The gnoll is lightly wounded.
You block the gnoll's attack.
Found a scroll labeled ANLIRU SOZIMAQ.
A rat comes into view.
Found a stone staircase leading down.
You see here a scroll labeled ANLIRU SOZIMAQ.
i - a scroll labeled ANLIRU SOZIMAQ You block the gnoll's attack.
There is a stone staircase leading down here.
The gnoll hits you but does no damage.
You climb downwards.
There is a stone staircase leading up here.
Unknown command.
Unknown command.
Unknown command.
Your shield prevents you from hitting the gnoll.
The gnoll is lightly wounded.
The gnoll hits you with a whip!
* * * LOW HITPOINT WARNING * * *
You closely miss the gnoll. You headbutt the gnoll.
The gnoll is moderately wounded.
The gnoll hits you but does no damage.
You hit the gnoll. Your headbutt misses the gnoll.
The gnoll is heavily wounded.
You block the gnoll's attack.
You closely miss the gnoll.
The gnoll is heavily wounded.
You block the gnoll's attack.
You hit the gnoll but do no damage.
The gnoll is heavily wounded.
The gnoll hits you with a whip.
* * * LOW HITPOINT WARNING * * *
You completely miss the gnoll. You headbutt the gnoll.
The gnoll is almost dead.
The gnoll hits you with a whip.
You die...

########.
#@.......
#.g.#####
+...+
#...#
.....
......
.......
.........


You could see a gnoll.

Vanquished Creatures
  A goblin (D:1)
  A kobold (D:1)
  A rat (D:2)
3 creatures vanquished.

Notes
Turn   | Place    | Note
-------+----------+-------------------------------------------
     0 | D:1      | Implojin the Minotaur Fighter began the quest for the Orb.
     0 | D:1      | Reached XP level 1. HP: 19/19 MP: 0/0
   107 | D:3      | Slain by a gnoll

Vault maps used:
D:1:      dpeg_arrival_stone_temple_mockup, roderic_serpentine_path
D:2:      serial_forest, infiniplex_forest_zigzag_1, infiniplex_forest_clump_C,
          infiniplex_forest_lined_2, infiniplex_forest_corner_1,
          infiniplex_forest_straight_1, infiniplex_forest_lined_room_2,
          infiniplex_forest_lined_4_way, grunt_dithmenos_smoke_and_mirrors
D:3:      xom_butterflies, lemuel_doored_altar, minmay_misc_feat_chi,
          nemelex_xobeh_ov_fountains_minmay, uniq_natasha, uniq_jessica,
          uniq_sigmund

Action                   || total
-------------------------++-------
Melee: Unarmed           ||    15
       Headbutt          ||     5
Armor: Scale mail        ||     1
Dodge: Dodged            ||     1
Block: Shield            ||     9

Table legend:
 A = Turns spent in this place as a percentage of turns spent in the entire game.
 B = Non-inter-level travel turns spent in this place as a percentage of non-inter-level travel turns spent in the entire game.
 C = Inter-level travel turns spent in this place as a percentage of turns spent in this place.
 D = Turns resting spent in this place as a percentage of non-inter-level travel turns spent in this place.
 E = Turns spent auto-exploring this place as a percentage of non-inter-level travel turns spent in this place.
 F = Non-inter-level travel turns spent in this place divided by the number of levels of this place that you've seen.
                   A       B       C       D       E      F
               +-------+-------+-------+-------+-------+----------------------
         Total | 100.0 | 100.0 |   0.0 |   0.0 |   0.0 |  36.3
       Dungeon | 100.0 | 100.0 |   0.0 |   0.0 |   0.0 |  36.3
               +-------+-------+-------+-------+-------+----------------------

Table legend:
 A = Kills in this place as a percentage of kills in entire the game.
 B = Kills by you in this place as a percentage of kills by you in the entire game.
 C = Kills by friends in this place as a percentage of kills by friends in the entire game.
 D = Other kills in this place as a percentage of other kills in the entire game.
 E = Experience gained in this place as a percentage of experience gained in the entire game.
 F = Experience gained in this place divided by the number of levels of this place that you have seen.
                   A       B       C       D       E      F
               +-------+-------+-------+-------+-------+----------------------
         Total | 100.0 | 100.0 |  -nan |  -nan | 100.0 |   1.7
       Dungeon | 100.0 | 100.0 |  -nan |  -nan | 100.0 |   1.7
               +-------+-------+-------+-------+-------+----------------------
